 Dungeon Crawl Stone Soup version 0.31-a0-1224-g6819f34 (webtiles) character file.

Game seed: 15062129447129037078

2125019 EngineV8 the Cryomancer (level 27, 306/306 HPs)
             Began as a Barachi Conjurer on Dec 13, 2023.
             Was the Champion of Vehumet.
             Escaped with the Orb
             ... and 4 runes on Dec 14, 2023!
             The game lasted 05:35:02 (80833 turns).

EngineV8 the Cryomancer (Barachi Conjurer)         Turns: 80833, Time: 05:35:02

Health: 306/306    AC: 27    Str: 12    XL:     27
Magic:  39/45      EV: 24    Int: 31    God:    Vehumet [******]
Gold:   3309       SH: 35    Dex: 18    Spells: 13/62 levels left

rFire   + + .        a - +9 demon blade (protect)
rCold   + . .        C - +8 tower shield {rC+}
rNeg    + . .        h - melded +2 robe {Will+}
rPois   ∞            Y - +0 mask of the Dragon {Will+ Slay+3 SInv}
rElec   +            R - scarf of the Rose {shadows, Will+ rCorr Stlth+}
rCorr   +            n - melded +0 pair of gloves "Efets" {Str+3 Dex-3 Slay+2 Stlth+}
SInv    +            G - melded +1 pair of boots of the Sky {Fly Int+4 Dex+2}
Will    ++++.        A - amulet of the Iron Devil {Reflect rF+ Regen+ Str-5 SH+5}
Stlth   ++           P - ring of Dallir {^Contam rCorr Str+6 Dex+4}
HPRegen 2.31/turn    o - ring "Foigilom" {^Drain rElec rF+ Int+6}
MPRegen 0.29/turn

%: reflection
@: statue-form, studying 4 skills, very slow
A: slow and powerful, torment resistance 1, boosted hp, amphibious, (slowness
1), strong legs 2, +LOS, talons 1, dopey 1, regeneration 1, (shaggy fur 1),
teleportitis 1, persistent drain
0: Orb of Zot
}: 4/15 runes: decaying, serpentine, slimy, silver
a: Hop, Begin Untransformation, Renounce Religion


You escaped.
You worshipped Vehumet.
Vehumet was exalted by your worship.
You were a living statue of rough stone.
You visited 11 branches of the dungeon, and saw 53 of its levels.
You also visited: Trove and Wizlab.

You collected 10406 gold pieces.
You spent 7097 gold pieces at shops.

Inventory:

Hand Weapons
 a - a +9 demon blade of protection (weapon)
 b - the +8 autumn katana {manifold assault}
   (You found it on level 4 of the Realm of Zot)
Missiles
 u - 21 curare-tipped darts {!f}
Armour
 h - a +2 robe of willpower (melded)
 n - the +0 pair of gloves "Efets" (melded) {Str+3 Dex-3 Slay+2 Stlth+}
   (You bought it in a shop on level 6 of the Dungeon)

   Str+3:     It affects your strength (+3).
   Dex-3:     It affects your dexterity (-3).
   Slay+2:    It affects your accuracy & damage with ranged weapons and melee
   (+2).
   Stlth+:    It makes you more stealthy.
 C - a +8 tower shield of cold resistance (worn)
 G - the +1 pair of boots of the Sky (melded) {Fly Int+4 Dex+2}
   (You found it on level 3 of the Swamp)

   Int+4:     It affects your intelligence (+4).
   Dex+2:     It affects your dexterity (+2).
   Fly:       It grants you flight.
 R - the scarf of the Rose (worn) {shadows, Will+ rCorr Stlth+}
   (You found it in a treasure trove)

   Will+:     It increases your willpower.
   rCorr:     It protects you from acid and corrosion.
   Stlth+:    It makes you more stealthy.
 Y - the +0 mask of the Dragon (worn) {Will+ Slay+3 SInv}
   (You bought it in a shop on level 2 of the Orcish Mines)

   Slay+3:    It affects your accuracy & damage with ranged weapons and melee
   (+3).
   Will+:     It increases your willpower.
   SInv:      It lets you see invisible.
Jewellery
 o - the ring "Foigilom" (right fist) {^Drain rElec rF+ Int+6}
   (You took it off a deep elf elementalist on level 3 of the Elven Halls)

   [ring of intelligence]

   Int+6:     It affects your intelligence (+6).
   rF+:       It protects you from fire.
   rElec:     It insulates you from electricity.
   ^Drain:    It drains your maximum health when unequipped.
 A - the amulet of the Iron Devil (around neck) {Reflect rF+ Regen+ Str-5 SH+5}
   (You acquired it on level 4 of the Snake Pit)

   [amulet of reflection]

   Reflect:   It reflects blocked missile attacks.
   Str-5:     It affects your strength (-5).
   rF+:       It protects you from fire.
   Regen+:    It increases your rate of health regeneration.
   SH+5:      It affects your SH (+5).
 J - the ring of Jealousy {+Blink rPois Dex+6}
   (You took it off a deep elf archer on level 3 of the Elven Halls)

   [ring of dexterity]

   Dex+6:     It affects your dexterity (+6).
   rPois:     It protects you from poison +Blink: It lets you blink.
 K - the amulet of the Four Winds {rN+ Will+++ Clar}
   (You found it on level 2 of the Lair of Beasts)

   [amulet of nothing]

   rN+:       It protects you from negative energy.
   Will+++:   It greatly increases your willpower.
   Clar:      It protects you from confusion, rage, mesmerisation and fear.
 P - the ring of Dallir (left fist) {^Contam rCorr Str+6 Dex+4}
   (You found it in a treasure trove)

   [ring of strength]

   Str+6:     It affects your strength (+6).
   Dex+4:     It affects your dexterity (+4).
   ^Contam:   It causes magical contamination when unequipped.
   rCorr:     It protects you from acid and corrosion.
Talismans
 t - a granite talisman (active)
Wands
 r - a wand of iceblast (50)
 I - a wand of mindburst (72)
 L - a wand of polymorph (16)
 O - a wand of quicksilver (33)
 W - a wand of charming (48)
 Z - a wand of digging (21)
Scrolls
 j - 4 scrolls of silence {!r}
 k - 21 scrolls of teleportation
 m - 7 scrolls of fear
 p - 10 scrolls of fog
 w - a scroll of summoning
 x - 2 scrolls of revelation {!r}
 y - 7 scrolls of vulnerability
 E - 14 scrolls of blinking
 F - 8 scrolls of poison
 X - 9 scrolls of immolation
Potions
 c - 3 potions of brilliance
 e - 3 potions of resistance
 g - 9 potions of heal wounds
 i - 13 potions of curing
 l - 10 potions of might
 q - 8 potions of ambrosia {!q}
 s - 2 potions of invisibility
 v - 6 potions of berserk rage {!q}
 z - 10 potions of lignification
 B - 12 potions of magic
 D - 13 potions of attraction
 H - 5 potions of haste
 M - 2 potions of cancellation {!q}
 U - 5 potions of enlightenment
Miscellaneous
 f - a phantom mirror
 N - a phial of floods
 T - a sack of spiders
 V - a lightning rod (4/4)


   Skills:
 + Level 23.5 Fighting
 - Level 14.0 Long Blades
 - Level 20.0 Dodging
 - Level 12.0 Stealth
 - Level 20.0 Shields
 - Level 18.0 Spellcasting
 - Level 16.0 Conjurations
 - Level 5.0 Hexes
 - Level 5.0 Translocations
 - Level 5.0 Transmutations
 - Level 25.0 Ice Magic
 - Level 10.0 Evocations
 - Level 16.0 Shapeshifting


You had 13 spell levels left.
You knew the following spells:

 Your Spells              Type           Power      Damage    Failure   Level
a - Magic Dart            Conj           100%       1d8       0%          1
b - Searing Ray           Conj           100%       2d8       0%          2
c - Orb of Destruction    Conj           45%        9d12      1%          7
d - Freezing Cloud        Conj/Ice/Air   42%        6-21      1%          5
e - Irradiate             Conj/Tmut      37%        3d24      1%          5
f - Volatile Blastmotes   Fire/Tloc      86%        2d17      1%          3
q - Fulminant Prism       Conj/Hex       37%        3d17      1%          4
r - Stone Arrow           Conj/Erth      100%       3d13      1%          3
w - Iskenderun's Mystic   Conj/Tloc      75%        2d15      1%          4
A - Apportation           Tloc           100%       N/A       1%          1
C - Mephitic Cloud        Conj/Pois/Air  57%        N/A       1%          3
Q - Polar Vortex          Ice            55%        12d7*     3%          9
X - Passwall              Tmut/Erth      35%        N/A       1%          2

Your spell library contained the following spells:

 Spells                   Type           Power      Damage    Failure   Level
 Ignition                 Fire           13%        3d6       100%        8
 Chain Lightning          Conj/Air       33%        3d44      100%        9
 Freeze                   Ice            100%       1d10      0%          1
 Ensorcelled Hibernation  Hex/Ice        100%       N/A       0%          2
 Frozen Ramparts          Ice            100%       1d16      0%          3
 Hailstorm                Conj/Ice       100%       3d16      0%          3
 Foxfire                  Conj/Fire      100%       2x1d9     1%          1
 Sandblast                Erth           54%        2d13      1%          1
 Shock                    Conj/Air       100%       1d9       1%          1
 Sting                    Tmut/Pois      100%       1d8       1%          1
 Jinxbite                 Hex            100%       N/A       1%          2
 Lesser Beckoning         Tloc           100%       N/A       1%          2
 Momentum Strike          Conj/Tloc      100%       3d10      1%          2
 Poisonous Vapours        Pois/Air       54%        N/A       1%          2
 Scorch                   Fire           54%        2d7       1%          2
 Static Discharge         Conj/Air       100%       3-8/arc   1%          2
 Wereblood                Tmut           56%        N/A       1%          2
 Dazzling Flash           Conj/Hex       100%       N/A       1%          3
 Gell's Gravitas          Tloc           56%        N/A       1%          3
 Ignite Poison            Fire/Tmut/Pois 38%        N/A       1%          3
 Inner Flame              Hex/Fire       43%        N/A       1%          3
 Teleport Other           Tloc           56%        N/A       1%          3
 Brom's Barrelling Bould  Conj/Erth      67%        2d8       1%          4
 Flame Wave               Conj/Fire      67%        2d15      1%          4
 Sticky Flame             Conj/Fire      67%        2d8       1%          4
 Summon Ice Beast         Ice/Summ       81%        N/A       1%          4
 Arcjolt                  Conj/Air       33%        1d43      1%          5
 Fireball                 Conj/Fire      33%        3d14      1%          5
 Iskenderun's Battlesphe  Conj           91%        2d14      1%          5
 Metabolic Englaciation   Hex/Ice        44%        N/A       1%          5
 Yara's Violent Unravell  Hex/Tmut       28%        3d12      3%          5
 Cause Fear               Hex            28%        N/A       4%          4
 Passage of Golubria      Tloc           56%        N/A       4%          4
 Cigotuvi's Dreadful Rot  Necr/Pois/Air  54%        N/A       5%          2
 Bombard                  Conj/Erth      33%        9d6       5%          6
 Conjure Ball Lightning   Conj/Air       33%        3x3d11    5%          6
 Airstrike                Air            13%        2d(2-18)  10%         4
 Swiftness                Air            27%        N/A       11%         3
 Anguish                  Hex/Necr       21%        N/A       12%         4
 Leda's Liquefaction      Hex/Erth       21%        N/A       12%         4
 Vhi's Electric Charge    Tloc/Air       86%        N/A       12%         4
 Lee's Rapid Deconstruct  Erth           13%        3d9*      24%         5
 Spellforged Servitor     Conj/Summ      33%        N/A       28%         7
 Animate Armour           Summ/Erth      54%        N/A       34%         4
 Dispel Undead            Necr           27%        3d13      34%         4
 Summon Lightning Spire   Summ/Air       27%        N/A       34%         4
 Alistair's Intoxication  Tmut/Pois      28%        N/A       34%         5
 Silence                  Hex/Air        21%        N/A       34%         5
 Summon Forest            Summ/Tloc      21%        N/A       34%         5
 Summon Mana Viper        Hex/Summ       43%        N/A       34%         5
 Eringya's Noxious Bog    Tmut/Pois      21%        4d6       41%         6
 Dispersal                Tloc           28%        N/A       56%         6
 Borgnjor's Vile Clutch   Necr/Erth      13%        N/A       67%         5
 Lehudib's Crystal Spear  Conj/Erth      33%        10d9      88%         8
 Enfeeble                 Hex            28%        N/A       98%         7
 Death Channel            Necr           13%        N/A       99%         6
 Summon Cactus Giant      Summ           13%        N/A       99%         6
 Monstrous Menagerie      Summ           13%        N/A       100%        7
 Summon Hydra             Summ           13%        N/A       100%        7
 Discord                  Hex            28%        N/A       100%        8
 Disjunction              Tloc           28%        N/A       100%        8
 Infestation              Necr           13%        N/A       100%        8
 Maxwell's Capacitive Co  Air            13%        ∞         100%        8
 Dragon's Call            Summ           13%        N/A       100%        9
 Sublimation of Blood     Necr           Unusable   N/A       N/A         2

Dungeon Overview and Level Annotations

Branches:
Dungeon (15/15)            Temple (1/1) D:7            Lair (5/5) D:11
  Swamp (4/4) Lair:3        Snake (4/4) Lair:2        Slime (5/5) Lair:4
    Orc (2/2) D:9             Elf (3/3) Orc:2        Vaults (5/5) D:14
  Crypt (0/3) Vaults:3     Depths (4/4) D:15            Zot (5/5) Depths:4
 WizLab (visited)

Altars:
Ashenzari
Cheibriados
Dithmenos
Elyvilon
Fedhas
Gozag
Hepliaklqana
Kikubaaqudgha
Makhleb
Nemelex Xobeh
Okawaru
Qazlal
Ru
Sif Muna
Trog
Uskayaw
Vehumet
Wu Jian
Xom
Yredelemnul
Zin
The Shining One
Jiyva

Shops:
D:5 :   D:6 [   Orc:2 ?[((   Elf:1 ?   Elf:2 ![[*   Elf:3 *   Snake:3 ?(*?[
Snake:4 =*!*   Vaults:1 (   Vaults:3 :   Zot:1 *   Depths:2 *   Depths:4 *

Portals:
Hell: Depths:1 Depths:2 Depths:3 Depths:4
Abyss: Depths:3
Pandemonium: Depths:2 Depths:4
Ziggurat: Depths:2

Annotations:
Elf:1 1 runed translucent door
Vaults:2 36 runed doors


Innate Abilities, Weirdness & Mutations

You are a living statue of rough stone.
Your actions are slow, but your melee attacks are powerful.
You are resistant to unholy torment.
Your maximum health is greatly increased.
Your equipment is partially melded.
You are amphibious.
You are immune to poison.
((You cover ground slowly.))
You can hop long distances.
You have an extended range of vision and can be seen from far away.
You have sharp toenails.
You are dopey. (Int -2)
Your natural rate of healing is unusually fast.
((You are covered in fur. (AC +1)))
You are occasionally teleported next to monsters.
Your health recovers twice as slowly from being drained.


Message History

You climb upwards.
There is a stone staircase leading down here.
A Brimstone Fiend comes into view.
A great freezing vortex appears and lifts you up.
You now have 36/45 mp.
Casting: Polar Vortex (mildly dangerous; 3% risk of failure)
Confirm with . or Enter, or press ? or * to list all spells.
Aiming: Stone Arrow (safe; 1% risk of failure)
Press: ? - help, Shift-Dir - straight line, f - Brimstone Fiend
Aim: a Brimstone Fiend (whirling frost, lightly wounded, 89% to hit)
The stone arrow hits the Brimstone Fiend!!
The Brimstone Fiend is moderately wounded.
You kill the Brimstone Fiend!
Vehumet accepts your kill.
You feel your power returning.
Health restored: 306 You regained 5 mp, and now have 42/45 mp.
The winds around you start to calm down.
You float gracefully downwards.
You are engulfed in whirling frost.
The winds around you calm down.
Magic restored.
There is a stone staircase leading up here.
You climb upwards.
There is a stone staircase leading down here.
An Orb Guardian comes into view.
You see here a +0 flail.
MP restored: 45 The Orb Guardian moves out of view.
There is a stone staircase leading up, spattered with blood here.
You climb upwards.
There is a stone staircase leading down here.
A Hell Sentinel comes into view.
There is a stone staircase leading up here.
You climb upwards.
There is a stone staircase leading down here.
A reaper comes into view. It is wielding a +2 vampiric scythe.
You block the reaper's attack. You block the reaper's attack.
A great freezing vortex appears and lifts you up.
You block the reaper's attack. x2
You now have 36/45 mp.
Unknown command.
You block the reaper's attack.
You completely miss the reaper. You claw the reaper.
The reaper is heavily wounded.
You block the reaper's attack.
You slash the reaper!
Your weapon exudes an aura of protection.
You claw the reaper, but do no damage.
The reaper is almost dead.
You kill the reaper!
Vehumet accepts your kill.
You feel your power returning.
You regained 6 mp, and now have 43/45 mp.
The winds around you start to calm down.
You float gracefully downwards.
You are engulfed in whirling frost.
There is a stone staircase leading up here.
The winds around you calm down.
You climb upwards.
Magic restored.
There is a stone staircase leading down here.
You see here a +0 dagger.
A sun demon comes into view.
MP restored: 45 A great freezing vortex appears and lifts you up.
You now have 37/45 mp.
You kill the sun demon!
Vehumet accepts your kill.
You feel your power returning.
You regained 3 mp, and now have 40/45 mp.
The winds around you start to calm down.
You float gracefully downwards.
Splash!
You fall into the shallow water.
Moving in this stuff is going to be slow.
You are engulfed in whirling frost.
The winds around you calm down.
You sink to the bottom.
An Orb Guardian comes into view.
A great freezing vortex appears and lifts you up.
You now have 35/45 mp.
You block the Orb Guardian's attack. The Orb Guardian hits you!
You take 7 damage, and have 299/306 hp.
You block the Orb Guardian's attack. x2
You regained 3 hp, and now have 302/306 hp.
You slash the Orb Guardian!
Your weapon exudes an aura of protection.
You kill the Orb Guardian!
Vehumet accepts your kill.
You feel your power returning.
You regained 2 hp, and now have 304/306 hp.
The winds around you start to calm down.
You float gracefully downwards.
There is an open door here.
Health restored: 306 You are engulfed in whirling frost.
The winds around you calm down.
There is a staircase leading out of the dungeon here.
You have escaped!

#~~~≈###≈≈≈#>>#≈≈≈#
#.≈≈≈≈≈≈≈≈≈##'#≈≈≈#
#~~≈≈≈≈≈≈≈≈≈≈≈≈≈≈≈#
#~≈≈≈##≈≈≈≈≈≈≈≈≈≈≈#
#~≈≈≈##≈≈≈≈≈≈≈≈##≈#
#~~≈≈≈≈≈≈≈≈≈≈≈≈##≈#
#######.~≈≈≈≈≈######≈≈≈≈#
.......~~####≈#....#≈≈≈≈#
######..~'.>#≈#.8>.#≈≈≈≈#
##.....~≈####≈#....#≈≈≈≈#
.#.###.~~≈≈≈≈≈####'#≈≈≈≈#
...# #...~~~~~≈≈≈~~~)≈~~#
.### #..#~..~~~..~..~.~.#
.# #..##########.######
.# #..# #..# .#####..#
####.## ........# ##....#


There were no monsters in sight!

Vanquished Creatures
  the Royal Jelly (Slime:5)
  A pandemonium lord (D:14)
  Dissolution (Slime:3)
  4 dread liches
  3 ancient liches (Zot:5)
  Mennas (Vaults:5)
  6 orbs of fire
  Mara (Snake:3)
  A juggernaut (Depths:3)
  The ghost of Fimom the Crack Shot, a legendary FoHu of Dithmenos (Zot:1)
  Sojobo (Depths:2)
  4 Killer Klowns
  Vashnia (Snake:2)
  Bai Suzhen (Vaults:3)
  Saint Roka (Vaults:5)
  2 caustic shrikes
  4 curse toes
  10 golden dragons
  2 bone dragons (Depths:4)
  A Brimstone Fiend (D:5)
  4 electric golems
  A Cloud Mage (WizLab)
  19 tentacled monstrosities
  A Hell Sentinel (D:14)
  27 Orb Guardians
  The ghost of Innyits the Eclecticist, an adept DjAE of Makhleb (Vaults:3)
  Mlioglotl (Swamp:4)
  A walking earthen tome (Depths:3)
  5 liches
  2 deep elf master archers (Elf:3)
  11 acid blobs
  9 titans
  5 quicksilver dragons
  An Executioner (D:14)
  3 deep elf blademasters
  2 sphinxes
  The ghost of Vyimam the Brawler, an adept TrGl of Hepliaklqana (Depths:4)
  An ancient champion (Depths:4)
  6 death cobs
  Agnes (Elf:2)
  A thorn hunter (Swamp:2)
  Kirke (Snake:3)
  16 shadow dragons
  Roxanne (Snake:4)
  7 nagarajas (Snake:4)
  14 storm dragons
  A fenstrider witch (Swamp:1)
  12 tengu reavers
  11 rockslimes
  5 fire giants
  7 draconian monks
  8 azure jellies
  10 frost giants
  6 draconian knights
  15 vault wardens
  A protean progenitor (Zot:2)
  7 deep elf sorcerers
  2 draconian scorchers
  6 draconian shifters
  An iron dragon (Depths:3)
  A ghost moth (Zot:2)
  2 balrugs
  2 deep elf elementalists (Elf:3)
  Louise (Depths:3)
  A reaper (D:2)
  3 draconian stormcallers
  13 quicksilver oozes
  13 ironbound preservers
  A draconian annihilator (Zot:2)
  4 war gargoyles
  25 very ugly things
  14 stone giants
  3 formless jellyfish
  6 green draconians
  4 vampire knights
  11 purple draconians
  8 ironbound thunderhulks
  4 eleionomae
  8 deep elf annihilators
  11 red draconians
  6 deep elf demonologists (Elf:3)
  14 dire elephants
  3 bunyips
  7 black draconians
  8 white draconians
  8 yellow draconians
  8 spark wasps
  8 ettins
  3 blizzard demons (WizLab)
  2 merfolk javelineers (Depths:3)
  4 deep elf death magi
  2 crystal guardians
  5 fire dragons
  3 shambling mangroves (Swamp:4)
  2 green deaths (Swamp:4)
  3 entropy weavers
  A deep elf high priest (Vaults:5)
  2 hell beasts (Swamp:4)
  2 salamander tyrants
  7 rakshasas
  8 great orbs of eyes
  3 peacekeepers
  13 yaktaur captains
  A juggernaut simulacrum (Depths:1)
  14 anacondas
  4 ogre magi (Orc:2)
  Erolcha (D:10)
  7 ice dragons
  9 hydras
  4 catoblepae
  8 ironbound frosthearts
  2 death knights (Vaults:3)
  6 spriggan air magi
  10 centaur warriors
  7 alligators
  30 vault guards
  14 boulder beetles
  Erica (D:10)
  6 ghost crabs
  18 death yaks
  14 naga warriors
  31 dancing weapons
  2 tengu warriors
  20 two-headed ogres
  7 deep troll shamans
  9 deep troll earth magi
  2 occultists
  3 vampire magi
  2 demonic crawlers
  7 shock serpents
  Nergalle (D:12)
  14 deep elf knights
  11 spriggan berserkers
  15 naga sharpshooters
  4 hell knights (Depths:1)
  Sonja (Orc:2)
  A sun demon (D:1)
  7 iron trolls
  2 shadow wraiths (Vaults:3)
  2 salamander mystics (Snake:4)
  A skyshark (shapeshifter) (Depths:1)
  7 death drakes (WizLab)
  2 skysharks (Lair:3)
  4 goliath frogs
  A spark wasp zombie (Depths:1)
  2 glowing orange brains
  A storm dragon skeleton (D:15)
  A bunyip zombie (Swamp:4)
  Amaemon (Lair:2)
  11 skeletal warriors
  A deep troll (shapeshifter) (Vaults:5)
  53 deep trolls
  9 swamp dragons
  6 spriggan druids
  19 ironbound convokers
  4 naga ritualists
  6 phantasmal warriors
  A sea snake (shapeshifter) (Depths:4)
  3 bunyip skeletons (Swamp:4)
  9 arcanists
  22 deep elf archers
  18 bog bodies
  2 large abominations (Swamp:4)
  9 lindwurms
  4 harpies (Vaults:5)
  20 deep elf zephyrmancers
  18 deep elf pyromancers
  An orc knight (Vaults:5)
  A wolf spider (D:11)
  16 mana vipers
  8 necromancers
  An oklob plant (Lair:5)
  5 shining eyes
  45 ugly things
  6 manticores
  4 orc sorcerers
  21 moths of wrath
  2 kobold blastminers (Orc:1)
  12 cyclopes
  6 will-o-the-wisps
  20 salamanders
  A stone giant skeleton (Depths:1)
  14 vault sentinels
  13 elephants
  A guardian serpent (shapeshifter) (D:10)
  30 black mambas
  11 guardian serpents
  3 torpor snails
  6 orange demons
  4 gargoyles
  8 naga magi
  2 eyes of devastation (Slime:5)
  Maggie (D:7)
  19 cane toads
  A fire giant skeleton (Depths:1)
  4 smoke demons
  A cane toad (shapeshifter) (Elf:2)
  8 rime drakes
  An unseen horror (D:11)
  3 kobold demonologists
  12 komodo dragons
  31 yaktaurs
  A tormentor (Depths:2)
  Psyche (D:10)
  A tengu conjurer (Depths:2)
  A yaktaur skeleton (Vaults:4)
  2 trolls (shapeshifter)
  A meliai (D:14)
  12 trolls
  A human skeleton (Vaults:4)
  2 polar bears (Lair:5)
  11 tyrant leeches
  4 wind drakes (WizLab)
  A tyrant leech (shapeshifter) (Vaults:4)
  A bloated husk (Swamp:1)
  A hornet (shapeshifter) (D:11)
  Prince Ribbit (D:5)
  19 blink frogs
  14 hornets
  3 spriggan zombies
  A glass eye (Slime:4)
  2 centaur simulacra
  A snapping turtle (shapeshifter) (Depths:3)
  2 dream sheep (Lair:5)
  88 slime creatures
  6 wyverns
  A vampire (D:11)
  12 air elementals
  3 shadows
  3 fire elementals
  74 yaks
  17 spriggans
  11 water elementals
  A hog (Snake:2)
  6 basilisks
  5 wraiths
  5 golden eyes (Slime:5)
  3 redbacks (Vaults:1)
  4 steam dragons
  Grum (D:10)
  A chaos spawn (D:14)
  18 vampire mosquitoes
  3 wargs
  17 swamp worms
  36 nagas
  21 water moccasins
  2 acid dragons
  Duvessa (D:6)
  7 swamp drakes
  A sky beast (D:7)
  3 ice beasts
  23 orc warriors
  4 black bears
  2 spriggan simulacra
  20 ogres
  9 wolves
  A boggart (Vaults:2)
  12 centaurs
  A phantom (D:4)
  12 kobold brigands
  2 human zombies (Vaults:4)
  2 earth elementals (Elf:3)
  A gnoll sergeant (D:9)
  12 bullfrogs
  A bullfrog (shapeshifter) (Depths:3)
  7 scorpions
  2 small abominations (Swamp:4)
  12 wights
  Dowan (D:6)
  12 killer bees
  A howler monkey (D:11)
  A lava snake (Snake:3)
  The ghost of rotlqkf the Conjurer, a weakling DECj (D:3)
  A jelly (D:5)
  10 orc priests
  Crazy Yiuf (D:6)
  3 hounds
  A gnoll bouda (D:6)
  5 iguanas
  23 orc wizards
  Terence (D:2)
  4 adders
  8 gnolls
  A shadow imp (D:5)
  2 white imps
  3 worms
  A dart slug (D:5)
  An adder simulacrum (D:3)
  70 orcs
  4 bats
  6 endoplasms
  3 giant cockroaches (D:1)
  7 goblins
  10 hobgoblins
  4 quokkas
  8 ball pythons
  A ball python simulacrum (D:3)
  A frilled lizard (D:1)
  A giant cockroach simulacrum (D:3)
  28 kobolds
  A quokka simulacrum (D:3)
  6 rats
  2 aspiring fleshes (Zot:2)
  A butterfly (Lair:5)
  14 fulminant prisms (D:11)
2196 creatures vanquished.

Vanquished Creatures (collateral kills)
  Nikola (Snake:1)
  A golden dragon (Vaults:5)
  2 shadow dragons (Vaults:5)
  A yaktaur captain (Vaults:5)
  A vault guard (D:14)
  A vault sentinel (Vaults:5)
  An apocalypse crab (WizLab)
  A slime creature (Slime:5)
  An air elemental (WizLab)
  A fulminant prism (D:11)
11 creatures vanquished.

Vanquished Creatures (others)
  4 caustic shrikes (Depths:4)
  A spark wasp (WizLab)
  A blizzard demon (WizLab)
  A spriggan air mage (WizLab)
  2 deep elf knights (Elf:3)
  2 deep elf zephyrmancers (Elf:1)
  3 deep elf pyromancers
  A vault sentinel (Vaults:5)
  2 bloated husks
  A wind drake (WizLab)
  A hornet (Swamp:2)
  2 humans (Snake:3)
  An orc priest (Vaults:5)
  4 foxfires
  298 fulminant prisms
324 creatures vanquished.

Grand Total: 2531 creatures vanquished

Notes
Turn   | Place    | Note
-------+----------+-------------------------------------------
     0 | D:1      | EngineV8 the Barachi Conjurer began the quest for the Orb.
     0 | D:1      | Reached XP level 1. HP: 13/13 MP: 3/3
   121 | D:1      | Reached skill level 1 in Fighting
   264 | D:1      | Reached XP level 2. HP: 21/21 MP: 2/5
   300 | D:1      | Learned a level 2 spell: Searing Ray
   348 | D:1      | You fall into a shaft and drop 1 floor!
   918 | D:1      | Reached XP level 3. HP: 26/26 MP: 3/7
  1385 | D:2      | Noticed Terence
  1834 | D:2      | Killed Terence
  1835 | D:2      | Reached skill level 5 in Conjurations
  1835 | D:2      | Reached XP level 4. HP: 14/32 MP: 0/9
  1979 | D:2      | Learned a level 2 spell: Passwall
  2185 | D:3      | Found a runed translucent gate.
  2185 | D:3      | Found a runed translucent gate.
  2185 | D:3      | Found a runed translucent gate.
  2230 | D:3      | Noticed rotlqkf's ghost (weakling DECj)
  2376 | D:3      | Found a snail-covered altar of Cheibriados.
  3304 | D:4      | Reached XP level 5. HP: 39/39 MP: 3/11
  3696 | D:4      | Noticed a phantom
  3714 | D:4      | Killed a phantom
  3715 | D:4      | Reached XP level 6. HP: 44/47 MP: 3/12
  4100 | D:4      | Reached XP level 7. HP: 41/52 MP: 4/14
  4490 | D:5      | Entered Level 5 of the Dungeon
  4502 | D:5      | Reached skill level 5 in Spellcasting
  4595 | D:5      | Found Wepsast's Book Boutique.
  5071 | D:5      | Found a glowing golden altar of the Shining One.
  5071 | D:5      | Found an opulent altar of Gozag.
  5573 | D:5      | Learned a level 4 spell: Fulminant Prism
  5574 | D:6      | Noticed Prince Ribbit
  5574 | D:6      | Found Yraasio's Armour Shoppe.
  5624 | D:6      | Reached skill level 1 in Hexes
  5624 | D:6      | Reached XP level 8. HP: 45/58 MP: 7/17
  5729 | D:6      | Noticed Dowan
  5746 | D:6      | Killed Dowan
  6023 | D:6      | Found a runed translucent door.
  6024 | D:6      | Noticed Crazy Yiuf
  6030 | D:6      | Killed Crazy Yiuf
  6418 | D:5      | Killed Prince Ribbit
  6601 | D:6      | Noticed Duvessa
  6813 | D:6      | Killed Duvessa
  6814 | D:6      | Reached XP level 9. HP: 63/63 MP: 13/18
  6864 | D:6      | Reached skill level 5 in Hexes
  6940 | D:6      | Bought a +2 pair of boots for 231 gold pieces
  6951 | D:6      | Bought a +0 helmet for 63 gold pieces
  7324 | D:7      | Found a staircase to the Ecumenical Temple.
  7330 | D:7      | Noticed Maggie
  7336 | Temple   | Entered the Ecumenical Temple
  7351 | Temple   | Became a worshipper of Vehumet
  7381 | D:7      | Killed Maggie
  7540 | Temple   | Learned a level 3 spell: Mephitic Cloud
  7680 | Temple   | Reached skill level 10 in Conjurations
  7685 | Temple   | Learned a level 4 spell: Iskenderun's Mystic Blast
  7994 | D:7      | Found a bloodstained altar of Trog.
  8099 | D:7      | Reached skill level 1 in Transmutations
  8424 | D:8      | Reached XP level 10. HP: 70/70 MP: 17/22
  8425 | D:8      | Reached skill level 5 in Transmutations
  8545 | D:8      | Reached * piety under Vehumet
  8545 | D:8      | Offered knowledge of Foxfire by Vehumet.
  8555 | D:8      | Reached skill level 5 in Stealth
  8568 | D:8      | Noticed a two-headed ogre
  9015 | D:8      | Killed a two-headed ogre
  9016 | D:8      | Reached skill level 5 in Fighting
  9452 | D:9      | Reached ** piety under Vehumet
  9452 | D:9      | Offered knowledge of Shock by Vehumet.
  9582 | D:9      | Found a staircase to the Orcish Mines.
 10334 | D:9      | Offered knowledge of Ignite Poison by Vehumet.
 10664 | D:10     | Entered Level 10 of the Dungeon
 10700 | D:10     | Noticed Psyche
 10706 | D:10     | Killed Psyche
 10850 | D:10     | Reached XP level 11. HP: 79/79 MP: 12/24
 10850 | D:10     | Reached *** piety under Vehumet
 10938 | D:10     | Noticed Grum
 10950 | D:10     | Killed Grum
 11137 | D:10     | Reached skill level 10 in Spellcasting
 11198 | D:10     | Offered knowledge of Airstrike by Vehumet.
 11374 | D:10     | Noticed Erica
 11395 | D:10     | Killed Erica
 11712 | D:10     | Noticed Erolcha
 11719 | D:10     | Killed Erolcha
 11866 | D:11     | Noticed a two-headed ogre
 11904 | D:11     | Found a staircase to the Lair.
 11910 | D:11     | Reached **** piety under Vehumet
 11912 | D:11     | Reached skill level 1 in Evocations
 12236 | D:11     | Noticed a wolf spider
 12239 | D:11     | Noticed a cyclops
 12243 | D:11     | Killed a wolf spider
 12247 | D:11     | Killed a cyclops
 12248 | D:11     | Reached skill level 5 in Evocations
 12266 | D:11     | Noticed a boulder beetle
 12359 | D:11     | Killed a two-headed ogre
 12366 | D:11     | Offered knowledge of Irradiate by Vehumet.
 12495 | D:11     | Identified the +9 eveningstar of a Labyrinth {heavy, *Rage
                  | rElec rF+ SInv}
 12511 | D:11     | Noticed a skeletal warrior
 12528 | D:11     | Noticed an eight-headed hydra
 12531 | D:11     | Noticed a centaur warrior
 12581 | D:11     | Noticed a boulder beetle
 12633 | D:11     | Noticed a boulder beetle
 12720 | D:10     | Killed an eight-headed hydra
 12721 | D:10     | Reached XP level 12. HP: 33/92 MP: 17/26
 13819 | D:11     | Noticed a centaur warrior
 13968 | D:11     | Killed a centaur warrior
 14105 | D:11     | Noticed a boulder beetle
 14404 | D:11     | Noticed a boulder beetle
 14493 | D:10     | Learned a level 5 spell: Irradiate
 14515 | D:11     | Killed a boulder beetle
 14664 | D:11     | Killed a boulder beetle
 14904 | D:11     | Killed a boulder beetle
 15265 | D:11     | Killed a boulder beetle
 15266 | D:11     | Reached skill level 10 in Fighting
 15769 | D:11     | Killed a boulder beetle
 15891 | D:11     | Gained mutation: You can hop long distances. [Barachi
                  | growth]
 15891 | D:11     | Reached XP level 13. HP: 103/103 MP: 8/28
 17052 | D:12     | Noticed Nergalle
 17095 | D:12     | Reached skill level 1 in Shields
 17440 | D:5      | Bought a book of Armaments for 540 gold pieces
 17444 | D:5      | Learned a level 3 spell: Stone Arrow
 17658 | D:12     | Killed Nergalle
 17799 | D:11     | Upgraded the game from 0.31-a0-1206-g41278d8 to
                  | 0.31-a0-1207-g4ab8c38
 17993 | D:12     | Reached ***** piety under Vehumet
 18042 | D:12     | Identified the +0 leather armour "Waicketai" {Dex+3}
 18519 | D:13     | Offered knowledge of Lee's Rapid Deconstruction by Vehumet.
 18779 | D:13     | Reached skill level 5 in Shields
 18779 | D:13     | Reached skill level 15 in Conjurations
 19414 | D:13     | Found a runed translucent door.
 19416 | D:13     | Found a hide-covered altar of Uskayaw.
 20232 | D:13     | Reached XP level 14. HP: 110/110 MP: 20/30
 20643 | D:13     | Reached skill level 10 in Shields
 20964 | D:14     | Found a gate to the Vaults.
 21669 | D:14     | Reached skill level 10 in Stealth
 22355 | D:14     | Found a radiant altar of Vehumet.
 22372 | D:14     | Identified the beast talisman of Omilul {rF+ rCorr Int+3}
 22378 | D:14     | Identified the maw talisman of the Merchant {+Blink rF-
                  | Dex+3}
 22679 | D:15     | Entered Level 15 of the Dungeon
 22873 | D:15     | Found a staircase to the Depths.
 24675 | Orc:1    | Entered Level 1 of the Orcish Mines
 24690 | Orc:1    | Reached skill level 10 in Evocations
 24720 | Orc:1    | Offered knowledge of Ozocubu's Refrigeration by Vehumet.
 25296 | Orc:2    | Entered Level 2 of the Orcish Mines
 25370 | Orc:1    | Reached XP level 15. HP: 115/115 MP: 5/31
 25496 | Orc:2    | Noticed Sonja
 25498 | Orc:2    | Killed Sonja
 25780 | Orc:2    | Found a staircase to the Elven Halls.
 25935 | Orc:2    | Identified the +6 sling of Red Gallantry {elec, rF+ MP+9
                  | Dex+3}
 26601 | Orc:2    | Reached skill level 5 in Dodging
 27170 | Orc:2    | Found Cucinoki's Antique Weapon Shop.
 27170 | Orc:2    | Found Wilirrov's Weapon Emporium.
 27171 | Orc:2    | Found Gawa's Armour Emporium.
 27171 | Orc:2    | Found Nekad's Magic Scroll Boutique.
 27188 | Orc:2    | Bought the +0 mask of the Dragon {Will+ Slay+3 SInv} for
                  | 367 gold pieces
 27188 | Orc:2    | Found the +0 mask of the Dragon {Will+ Slay+3 SInv}
 27194 | Orc:2    | Bought a scroll of vulnerability for 64 gold pieces
 27194 | Orc:2    | Bought a scroll of enchant weapon for 120 gold pieces
 27404 | Orc:2    | Bought a scroll of identify for 32 gold pieces
 27404 | Orc:2    | Bought a scroll of fear for 64 gold pieces
 27404 | Orc:2    | Bought a scroll of identify for 32 gold pieces
 27404 | Orc:2    | Bought a scroll of identify for 32 gold pieces
 27404 | Orc:2    | Bought a scroll of identify for 32 gold pieces
 27404 | Orc:2    | Bought a scroll of identify for 32 gold pieces
 27404 | Orc:2    | Bought a scroll of teleportation for 48 gold pieces
 27517 | D:6      | Bought the +0 pair of gloves "Efets" {Str+3 Dex-3 Slay+2
                  | Stlth+} for 317 gold pieces
 27639 | Lair:1   | Entered Level 1 of the Lair of Beasts
 27768 | D:3      | Killed rotlqkf's ghost
 28140 | Lair:1   | Offered knowledge of Spellforged Servitor by Vehumet.
 28411 | Lair:1   | Reached skill level 10 in Dodging
 29173 | Lair:2   | Noticed Amaemon
 29177 | Lair:2   | Killed Amaemon
 29264 | Lair:2   | Found a staircase to the Snake Pit.
 29655 | Lair:2   | Found the amulet of the Four Winds {rN+ Will+++ Clar}
 29926 | Lair:2   | You fall into a shaft and drop 1 floor!
 30129 | Lair:3   | Reached skill level 1 in Long Blades
 30232 | Lair:3   | Reached XP level 16. HP: 124/127 MP: 33/33
 30449 | Lair:3   | Found a staircase to the Swamp.
 31595 | Lair:4   | Reached skill level 5 in Long Blades
 32171 | Lair:4   | Found a staircase to the Slime Pits.
 32638 | Lair:5   | Entered Level 5 of the Lair of Beasts
 33019 | Lair:5   | Offered knowledge of Iskenderun's Battlesphere by Vehumet.
 35019 | Lair:5   | Reached skill level 15 in Fighting
 35187 | Lair:5   | Reached skill level 10 in Long Blades
 35309 | Lair:5   | Identified the +0 pair of boots of the Fabulous God {rPois
                  | Dex+3}
 35489 | Lair:5   | Reached XP level 17. HP: 142/142 MP: 19/34
 36155 | Snake:1  | Entered Level 1 of the Snake Pit
 36159 | Snake:1  | Offered knowledge of Starburst by Vehumet.
 36933 | Snake:1  | Noticed Nikola
 37302 | Snake:1  | Killed Nikola
 37707 | Snake:2  | Upgraded the game from 0.31-a0-1207-g4ab8c38 to
                  | 0.31-a0-1219-g3cdb644
 39022 | Snake:3  | Noticed Kirke
 39038 | Snake:3  | Killed Kirke
 39078 | Snake:3  | Noticed Mara
 39085 | Snake:3  | Offered knowledge of Conjure Ball Lightning by Vehumet.
 39255 | Snake:3  | Noticed Vashnia
 39311 | Snake:3  | Found Beil Moy's Magic Scroll Boutique.
 39316 | Snake:3  | Bought a scroll of acquirement for 780 gold pieces
 39316 | Snake:3  | Acquired 830 gold pieces
 39318 | Snake:3  | Bought a scroll of acquirement for 780 gold pieces
 39318 | Snake:3  | Acquired Sif Muna's Codex of Violent Talus
 39328 | Snake:3  | Learned a level 7 spell: Orb of Destruction
 39362 | Snake:3  | Found Galla's General Store.
 39365 | Snake:3  | Found Belapaen's Armour Shop.
 39365 | Snake:3  | Found Wechogh's Weapon Boutique.
 39373 | Snake:3  | Bought a potion of heal wounds for 75 gold pieces
 39373 | Snake:3  | Bought a scroll of fear for 60 gold pieces
 39373 | Snake:3  | Found Ymait's Magic Scroll Shop.
 39836 | Snake:3  | Noticed EngineV8's illusion
 40141 | Snake:2  | Killed Vashnia
 40533 | Snake:3  | Killed Mara
 40534 | Snake:3  | Reached XP level 18. HP: 149/149 MP: 2/35
 41220 | Snake:4  | Entered Level 4 of the Snake Pit
 41381 | Snake:3  | Bought a scroll of enchant armour for 112 gold pieces
 41397 | Snake:3  | Bought a scroll of enchant armour for 112 gold pieces
 41404 | Snake:3  | Bought a scroll of enchant armour for 127 gold pieces
 41611 | Snake:4  | Noticed Roxanne
 41966 | Snake:4  | Identified the +7 halberd "Xevvogon" {protect, Fly rF-
                  | Str+7}
 42261 | Snake:4  | Killed Roxanne
 42599 | Snake:4  | Found Cighao's General Store.
 42600 | Snake:4  | Found Beleufeb's Distillery.
 42601 | Snake:4  | Found Xulloimo's Assorted Antiques.
 42606 | Snake:4  | Found Durphorua's Jewellery Shop.
 42606 | Snake:4  | Found Noedghay's Weapon Emporium.
 43547 | Snake:4  | Reached ****** piety under Vehumet
 43547 | Snake:4  | Offered knowledge of Maxwell's Capacitive Coupling by
                  | Vehumet.
 43891 | Snake:4  | Reached skill level 15 in Shields
 44399 | Snake:4  | Acquired the amulet of the Iron Devil {Reflect rF+ Regen+
                  | Str-5 SH+5}
 44448 | Snake:4  | Got a serpentine rune of Zot
 44652 | Swamp:1  | Entered Level 1 of the Swamp
 45638 | Swamp:2  | Reached XP level 19. HP: 155/155 MP: 24/36
 46503 | Swamp:3  | Offered knowledge of Chain Lightning by Vehumet.
 46503 | Swamp:3  | Offered knowledge of Polar Vortex by Vehumet.
 46503 | Swamp:3  | Offered knowledge of Ignition by Vehumet.
 46510 | Swamp:3  | Learned a level 5 spell: Freezing Cloud
 46740 | Swamp:3  | Identified the +1 pair of boots of the Sky {Fly Int+4
                  | Dex+2}
 46939 | Swamp:4  | Entered Level 4 of the Swamp
 46976 | Swamp:4  | Reached skill level 1 in Ice Magic
 47093 | Swamp:4  | Noticed Mlioglotl
 47273 | Swamp:4  | Reached skill level 2 in Ice Magic
 47654 | Swamp:4  | Reached skill level 3 in Ice Magic
 47800 | Swamp:4  | Found an ancient bone altar of Kikubaaqudgha.
 47971 | Swamp:4  | Got the Almanac of Exhumation
 48334 | Swamp:4  | Reached skill level 4 in Ice Magic
 48593 | Swamp:4  | Killed Mlioglotl
 49047 | Swamp:4  | Reached skill level 5 in Ice Magic
 49292 | Swamp:4  | Got a decaying rune of Zot
 49678 | Snake:3  | Bought a scroll of enchant weapon for 112 gold pieces
 49678 | Snake:3  | Bought a scroll of teleportation for 45 gold pieces
 50025 | Vaults:1 | Entered Level 1 of the Vaults
 50460 | Vaults:1 | Reached skill level 6 in Ice Magic
 50697 | Vaults:1 | Reached XP level 20. HP: 104/166 MP: 38/38
 51015 | Vaults:1 | Reached skill level 15 in Spellcasting
 51243 | Vaults:1 | Found Ecvoligo's Weapon Boutique.
 51404 | Vaults:1 | Reached skill level 7 in Ice Magic
 52015 | Vaults:2 | Found the +3 crown of Dyrovepreva {rElec Int+2 SInv}
 52147 | Vaults:2 | Reached skill level 8 in Ice Magic
 52599 | Vaults:2 | Found a huge runed gate.
 52599 | Vaults:2 | Found a huge runed gate.
 52600 | Vaults:2 | Found a huge runed gate.
 52600 | Vaults:2 | Found a huge runed gate.
 52600 | Vaults:2 | Found a huge runed gate.
 52601 | Vaults:2 | Found a huge runed gate.
 52601 | Vaults:2 | Found a huge runed gate.
 52701 | Vaults:2 | Found a huge runed gate.
 52701 | Vaults:2 | Found a huge runed gate.
 52701 | Vaults:2 | Found a huge runed gate.
 52701 | Vaults:2 | Found a huge runed gate.
 52701 | Vaults:2 | Found a huge runed gate.
 52702 | Vaults:2 | Found a huge runed gate.
 52702 | Vaults:2 | Found a huge runed gate.
 52703 | Vaults:2 | Found a huge runed gate.
 52704 | Vaults:2 | Found a huge runed gate.
 52713 | Vaults:2 | Found a huge runed gate.
 52713 | Vaults:2 | Found a huge runed gate.
 52713 | Vaults:2 | Found a huge runed gate.
 52713 | Vaults:2 | Found a huge runed gate.
 52713 | Vaults:2 | Found a huge runed gate.
 52713 | Vaults:2 | Found a huge runed gate.
 52713 | Vaults:2 | Found a huge runed gate.
 52714 | Vaults:2 | Found a huge runed gate.
 52715 | Vaults:2 | Found a huge runed gate.
 52823 | Vaults:2 | Found a huge runed gate.
 52823 | Vaults:2 | Found a huge runed gate.
 52823 | Vaults:2 | Found a huge runed gate.
 52823 | Vaults:2 | Found a huge runed gate.
 52823 | Vaults:2 | Found a huge runed gate.
 52823 | Vaults:2 | Found a huge runed gate.
 52823 | Vaults:2 | Found a huge runed gate.
 52824 | Vaults:2 | Found a huge runed gate.
 52825 | Vaults:2 | Found a huge runed gate.
 52873 | Vaults:2 | Found a huge runed gate.
 52873 | Vaults:2 | Found a huge runed gate.
 53278 | Vaults:2 | Found a huge runed gate.
 53278 | Vaults:2 | Found a huge runed gate.
 53278 | Vaults:2 | Found a huge runed gate.
 53278 | Vaults:2 | Found a huge runed gate.
 53278 | Vaults:2 | Found a huge runed gate.
 53278 | Vaults:2 | Found a huge runed gate.
 53278 | Vaults:2 | Found a huge runed gate.
 53279 | Vaults:2 | Found a huge runed gate.
 53906 | Vaults:2 | Found a huge runed gate.
 53915 | Vaults:2 | Found a huge runed gate.
 53915 | Vaults:2 | Found a huge runed gate.
 53915 | Vaults:2 | Found a huge runed gate.
 53915 | Vaults:2 | Found a huge runed gate.
 53915 | Vaults:2 | Found a huge runed gate.
 53915 | Vaults:2 | Found a huge runed gate.
 53915 | Vaults:2 | Found a huge runed gate.
 53916 | Vaults:2 | Found a huge runed gate.
 53917 | Vaults:2 | Found a huge runed gate.
 53978 | Vaults:2 | Found a huge runed gate.
 53978 | Vaults:2 | Found a huge runed gate.
 53978 | Vaults:2 | Found a huge runed gate.
 53978 | Vaults:2 | Found a huge runed gate.
 53978 | Vaults:2 | Found a huge runed gate.
 53978 | Vaults:2 | Found a huge runed gate.
 53978 | Vaults:2 | Found a huge runed gate.
 53979 | Vaults:2 | Found a huge runed gate.
 53980 | Vaults:2 | Found a huge runed gate.
 54071 | Vaults:3 | Reached skill level 9 in Ice Magic
 54260 | Vaults:3 | Reached skill level 1 in Shapeshifting
 54281 | Vaults:3 | Paralysed by a formless jellyfish for 1 turns
 54433 | Vaults:3 | Noticed Bai Suzhen
 54473 | Vaults:3 | Killed Bai Suzhen
 54860 | Vaults:3 | Found a transporter.
 54860 | Vaults:3 | Noticed Innyits's ghost (adept DjAE)
 54875 | Vaults:3 | Found a transporter.
 54923 | Vaults:3 | Reached XP level 21. HP: 176/176 MP: 40/40
 55036 | Vaults:3 | Found Rinuebb's Book Emporium.
 55369 | Vaults:3 | Found a staircase to the Crypt.
 55629 | Vaults:4 | Reached skill level 5 in Shapeshifting
 55692 | Vaults:4 | Found a magical portal.
 55709 | WizLab   | Entered The Chambers of the Cloud Mage
 55714 | WizLab   | Paralysed by an air elemental for 1 turns
 56357 | WizLab   | Paralysed by an air elemental for 1 turns
 56974 | WizLab   | Got the Precepts of the Birds
 58417 | Vaults:4 | Reached skill level 10 in Shapeshifting
 59216 | Depths:1 | Entered Level 1 of the Depths
 59464 | Depths:1 | Got the Encyclopedia of the Windy Gargoyle
 59563 | Depths:1 | Found a gateway to Hell.
 60090 | Depths:1 | Reached XP level 22. HP: 184/184 MP: 39/42
 60301 | Depths:1 | Found a glowing golden altar of the Shining One.
 60416 | Depths:1 | Upgraded the game from 0.31-a0-1219-g3cdb644 to
                  | 0.31-a0-1224-g6819f34
 60712 | Depths:1 | Found a bloodstained altar of Trog.
 61212 | Depths:2 | Found a one-way gateway to a ziggurat.
 61836 | Depths:2 | Found Nakoicki's Gadget Gallery.
 62019 | Depths:2 | Reached skill level 15 in Shapeshifting
 62266 | Depths:2 | Found a one-way gate leading to the halls of Pandemonium.
 62409 | Depths:2 | Found a one-way gateway to a ziggurat.
 62557 | Depths:2 | Found a one-way gate leading to the halls of Pandemonium.
 62810 | Depths:2 | Found Nakoicki's Gadget Gallery.
 63611 | Vaults:3 | Bought a manual of Fighting for 1280 gold pieces
 63747 | Vaults:3 | Killed Innyits's ghost
 64814 | Depths:3 | Noticed Sojobo
 64868 | Depths:2 | Killed Sojobo
 64968 | Depths:3 | Found a portal to a secret trove of treasure.
 64985 | Depths:3 | You paid a toll of 17 potions of curing to enter a treasure
                  | trove
 64986 | Trove    | Entered a treasure trove
 64999 | Trove    | Identified the +1 helmet of the Skies Above {rPois}
 65011 | Trove    | Identified the scarf of the Rose {shadows, Will+ rCorr
                  | Stlth+}
 65013 | Trove    | Identified the ring of Fagginiu {Fly rElec Dex+3}
 65022 | Trove    | Identified the ring of Dallir {^Contam rCorr Str+6 Dex+4}
 65221 | Depths:3 | Noticed a juggernaut
 65233 | Depths:3 | Killed a juggernaut
 65275 | Depths:3 | Noticed a caustic shrike
 65299 | Depths:3 | Killed a caustic shrike
 65300 | Depths:3 | Reached XP level 23. HP: 194/194 MP: 41/43
 65396 | Depths:3 | Noticed Louise
 65408 | Depths:3 | Killed Louise
 65421 | Depths:3 | Found a one-way gate to the infinite horrors of the Abyss.
 65509 | Depths:3 | Identified the +4 morningstar "Widowermaker" {spect, rPois
                  | rF+ Str+4}
 65917 | Depths:4 | Entered Level 4 of the Depths
 65917 | Depths:4 | Found a runed translucent door.
 66085 | Depths:4 | Found an iron altar of Okawaru.
 66154 | Depths:4 | Found a shimmering altar of Xom.
 66154 | Depths:4 | Noticed Vyimam's ghost (adept TrGl)
 66186 | Depths:4 | Killed Vyimam's ghost
 66252 | Depths:4 | Noticed a golden dragon
 66414 | Depths:4 | Killed a golden dragon
 66458 | Depths:4 | Found a gate to the Realm of Zot.
 66536 | Depths:4 | Noticed a caustic shrike
 66572 | Depths:4 | Noticed a caustic shrike
 66573 | Depths:4 | Noticed a caustic shrike
 66573 | Depths:4 | Noticed a caustic shrike
 66574 | Depths:4 | Noticed a caustic shrike
 66581 | Depths:4 | Killed a caustic shrike
 66782 | Depths:4 | Found Big Baal Hell's Store.
 67057 | Depths:4 | Found a bloodstained altar of Trog.
 67497 | Vaults:5 | Entered Level 5 of the Vaults
 67864 | Vaults:5 | Noticed a golden dragon
 67874 | Vaults:5 | Reached XP level 24. HP: 197/197 MP: 39/43
 67879 | Vaults:5 | Reached skill level 15 in Dodging
 67881 | Vaults:5 | Identified the +4 tower shield "Kupt" {Dex+3}
 67881 | Vaults:5 | Noticed Mennas
 67912 | Vaults:5 | Noticed Saint Roka
 67949 | Vaults:5 | Killed Saint Roka
 68161 | Vaults:5 | Identified the +8 long sword "Ythusae" {heavy, rElec}
 68386 | Vaults:5 | Reached skill level 10 in Ice Magic
 68435 | Vaults:5 | Got a silver rune of Zot
 68437 | Vaults:5 | Identified the +5 whip "Epaskumn" {antimagic, rPois Will+}
 68447 | Vaults:5 | Identified the staff of the Vase {^Fragile rF+ rC+ Dex+4
                  | Conj Ice}
 68542 | Vaults:5 | Killed Mennas
 68543 | Vaults:5 | Reached skill level 11 in Ice Magic
 68569 | Vaults:5 | Reached skill level 12 in Ice Magic
 68809 | Vaults:5 | Noticed a dread lich
 68820 | Vaults:5 | Killed a dread lich
 69063 | Vaults:5 | Reached skill level 13 in Ice Magic
 69717 | Slime:1  | Entered Level 1 of the Pits of Slime
 69807 | Slime:3  | Noticed Dissolution
 69810 | Slime:3  | Gained mutation: You are dopey. (Int -2) [a shining eye]
 69823 | Slime:3  | Killed Dissolution
 69824 | Slime:3  | Reached skill level 14 in Ice Magic
 69988 | Slime:5  | Entered Level 5 of the Pits of Slime
 69994 | Slime:5  | Found a viscous altar of Jiyva.
 70055 | Slime:5  | Noticed the Royal Jelly
 70155 | Slime:5  | Found the +8 whip "Snakebite" {venom, curare, rPois}
 70172 | Slime:5  | Reached skill level 15 in Ice Magic
 70293 | Slime:5  | Reached XP level 25. HP: 221/221 MP: 31/43
 70411 | Slime:5  | Reached skill level 16 in Ice Magic
 70477 | Slime:5  | Killed the Royal Jelly
 70682 | Slime:5  | Identified the ring "Hukiu" {rElec rPois rN+}
 70687 | Slime:5  | Identified the +1 rapier "Biufizui" {flame, rPois Will+
                  | Int+2}
 70718 | Slime:5  | Got the Catalogue of Hail and Lightning
 70720 | Slime:5  | Got a slimy rune of Zot
 70721 | Slime:5  | Identified the ring of Usimueva {rElec rF+ Str+3 SInv
                  | Stlth-}
 71051 | Elf:1    | Entered Level 1 of the Elven Halls
 71051 | Elf:1    | Found a runed translucent gate.
 71051 | Elf:1    | Found a runed translucent gate.
 71051 | Elf:1    | Found a runed translucent gate.
 71051 | Elf:1    | Found a runed translucent gate.
 71051 | Elf:1    | Found a runed translucent gate.
 71051 | Elf:1    | Found a runed translucent gate.
 71052 | Elf:1    | Found a runed translucent door.
 71073 | Elf:1    | Found a runed translucent door.
 71112 | Elf:1    | Reached skill level 17 in Ice Magic
 71182 | Elf:1    | Identified the +6 battleaxe of Domination {freeze, rC+
                  | Will- Str+4 Dex+2}
 71215 | Elf:1    | Found Hideud's Magic Scroll Shoppe.
 71224 | Elf:1    | Bought a scroll of acquirement for 988 gold pieces
 71224 | Elf:1    | Acquired 665 gold pieces
 71226 | Elf:1    | Bought a scroll of blinking for 142 gold pieces
 71226 | Elf:1    | Bought a scroll of enchant weapon for 142 gold pieces
 71672 | Elf:1    | Reached skill level 18 in Ice Magic
 71832 | Elf:1    | Got Wompiebb's Information on the Barrage
 72057 | Elf:2    | Found Rimyiw's Distillery.
 72071 | Elf:2    | Bought a potion of heal wounds for 100 gold pieces
 72071 | Elf:2    | Bought a potion of heal wounds for 100 gold pieces
 72071 | Elf:2    | Bought a potion of cancellation for 160 gold pieces
 72077 | Elf:2    | Paralysed by an air elemental for 1 turns
 72080 | Elf:2    | Paralysed by an air elemental for 1 turns
 72246 | Elf:2    | Found Oxtan's Antique Armour Shoppe.
 72369 | Elf:2    | Found Qogekash's Assorted Antiques.
 72563 | Elf:2    | Found a huge runed translucent gate.
 72563 | Elf:2    | Found a huge runed translucent gate.
 72563 | Elf:2    | Found a huge runed translucent gate.
 72563 | Elf:2    | Found a huge runed translucent gate.
 72565 | Elf:2    | Found a huge runed translucent gate.
 72597 | Elf:2    | Reached skill level 19 in Ice Magic
 74357 | Elf:2    | Found Zanan's Armour Emporium.
 74374 | Elf:2    | Noticed Agnes
 74392 | Elf:2    | Killed Agnes
 74493 | Elf:3    | Entered Level 3 of the Elven Halls
 74516 | Elf:3    | Reached skill level 20 in Ice Magic
 74770 | Elf:3    | Paralysed by an air elemental for 1 turns
 74785 | Elf:3    | Found Jaelluim's General Store.
 74797 | Elf:3    | Learned a level 3 spell: Volatile Blastmotes
 74844 | Elf:3    | Reached skill level 1 in Translocations
 74922 | Elf:3    | Gained mutation: You occasionally lose the ability to drink
                  | potions when taking damage. [a neqoxec]
 74960 | Elf:3    | Lost mutation: You are dopey. (Int -2) [potion of mutation]
 74960 | Elf:3    | Lost mutation: You occasionally lose the ability to drink
                  | potions when taking damage. [potion of mutation]
 74960 | Elf:3    | Gained mutation: You have a somewhat thin skeletal
                  | structure. (Dex +2, Stealth+) [potion of mutation]
 74960 | Elf:3    | Gained mutation: You expend magic power (3 MP) to
                  | strengthen your wands. [potion of mutation]
 75024 | Elf:3    | Identified the ring of the Saviour {Wiz rF+}
 75124 | Elf:3    | Learned a level 9 spell: Polar Vortex
 75136 | Elf:3    | Identified the ring "Foigilom" {^Drain rElec rF+ Int+6}
 75186 | Elf:3    | Identified the +11 glaive of the Teaching Gods {freeze,
                  | Int+5}
 75211 | Elf:3    | Reached skill level 5 in Translocations
 75269 | Elf:3    | Identified the +8 quarterstaff "Mesox" {elec, rF+ rC+}
 75278 | Elf:3    | Identified the ring of Jealousy {+Blink rPois Dex+6}
 75320 | Elf:3    | Got the Atlas of Distant Shores
 75328 | Elf:3    | Identified the +5 longbow of the Land of Plenty {flame,
                  | Int+2}
 75332 | Elf:3    | Identified the +1 scimitar "Furea" {heavy, rElec rF++ rN+
                  | Int-4}
 75335 | Elf:3    | Identified the staff of Grandeur {^Drain rN+ Dex+5 Necro}
 75342 | Elf:3    | Identified the +2 long sword of Unreason {heavy, Will- MP-9
                  | Int+8 Stlth+}
 75355 | Elf:3    | Identified the +13 plate armour of Soezizybb {rC++}
 75383 | Elf:3    | Identified the +8 chain mail of Satisfaction {Int+2}
 76024 | Zot:1    | Entered Level 1 of the Realm of Zot
 76220 | Zot:1    | Found Maryf's CLEARANCE SALE!.
 76228 | Zot:1    | Bought a scroll of fog for 8 gold pieces
 76255 | Zot:1    | Reached skill level 21 in Ice Magic
 76255 | Zot:1    | Reached XP level 26. HP: 228/228 MP: 43/43
 76374 | Zot:1    | Found a large runed translucent door.
 76374 | Zot:1    | Found a large runed translucent door.
 76376 | Zot:1    | Noticed Fimom's ghost (legendary FoHu)
 76441 | Zot:1    | Killed Fimom's ghost
 76616 | Zot:1    | Reached skill level 22 in Ice Magic
 76848 | Zot:2    | Noticed a Killer Klown
 76857 | Zot:2    | Killed a Killer Klown
 77008 | Zot:2    | Noticed an orb of fire
 77015 | Zot:2    | Killed an orb of fire
 77043 | Zot:2    | Reached skill level 23 in Ice Magic
 77052 | Zot:2    | Learned a level 1 spell: Apportation
 77233 | Zot:2    | Noticed a Killer Klown
 77240 | Zot:2    | Killed a Killer Klown
 77919 | Zot:3    | Reached skill level 24 in Ice Magic
 78033 | Zot:3    | Noticed an orb of fire
 78039 | Zot:3    | Gained mutation: You sometimes lose your temper in combat.
                  | [an orb of fire]
 78042 | Zot:3    | Killed an orb of fire
 78051 | Zot:3    | Lost mutation: You expend magic power (3 MP) to strengthen
                  | your wands. [potion of mutation]
 78051 | Zot:3    | Lost mutation: You sometimes lose your temper in combat.
                  | [potion of mutation]
 78051 | Zot:3    | Lost mutation: You have a somewhat thin skeletal structure.
                  | (Dex +2, Stealth+) [potion of mutation]
 78051 | Zot:3    | Gained mutation: You are partially covered in iridescent
                  | scales. (AC +2) [potion of mutation]
 78051 | Zot:3    | Gained mutation: Your natural rate of healing is unusually
                  | fast. [potion of mutation]
 78413 | Zot:4    | Reached XP level 27. HP: 235/235 MP: 26/44
 78579 | Zot:4    | Found a glowing silver altar of Zin.
 78741 | Zot:4    | Found the +8 autumn katana {manifold assault}
 79161 | Zot:5    | Entered Level 5 of the Realm of Zot
 79519 | Zot:5    | Noticed an ancient lich
 79559 | Zot:5    | Killed an ancient lich
 79636 | Zot:5    | Noticed a dread lich
 79647 | Zot:5    | Killed a dread lich
 79648 | Zot:5    | Reached skill level 25 in Ice Magic
 79720 | Zot:5    | Noticed an orb of fire
 79775 | Zot:5    | Noticed an orb of fire
 79776 | Zot:5    | Gained mutation: You occasionally lose the ability to drink
                  | potions when taking damage. [an orb of fire]
 79781 | Zot:5    | Gained mutation: You are clumsy. (Dex -2) [an orb of fire]
 79782 | Zot:5    | Gained mutation: You have large cloven feet. [an orb of
                  | fire]
 79784 | Zot:5    | Killed an orb of fire
 79786 | Zot:5    | Killed an orb of fire
 79788 | Zot:5    | Noticed an ancient lich
 79794 | Zot:5    | Killed an ancient lich
 79837 | Zot:5    | Lost mutation: You are clumsy. (Dex -2) [potion of
                  | mutation]
 79837 | Zot:5    | Lost mutation: You are partially covered in iridescent
                  | scales. (AC +2) [potion of mutation]
 79837 | Zot:5    | Gained mutation: Your magical capacity is low. (-10% MP)
                  | [potion of mutation]
 79838 | Zot:5    | Lost mutation: You have large cloven feet. [potion of
                  | mutation]
 79838 | Zot:5    | Lost mutation: Your magical capacity is low. (-10% MP)
                  | [potion of mutation]
 79838 | Zot:5    | Lost mutation: Your natural rate of healing is unusually
                  | fast. [potion of mutation]
 79838 | Zot:5    | Gained mutation: You are resistant to electric shocks.
                  | (rElec) [potion of mutation]
 79838 | Zot:5    | Gained mutation: You passively dampen the noise of your
                  | surroundings. [potion of mutation]
 79838 | Zot:5    | Gained mutation: Your spells are a little easier to cast,
                  | but a little less powerful. [potion of mutation]
 79838 | Zot:5    | Gained mutation: Your muscles are strong. (Str +4, Int/Dex
                  | -1) [potion of mutation]
 79839 | Zot:5    | Lost mutation: Your spells are a little easier to cast, but
                  | a little less powerful. [potion of mutation]
 79839 | Zot:5    | Lost mutation: Your muscles are strong. (Str +4, Int/Dex
                  | -1) [potion of mutation]
 79839 | Zot:5    | Gained mutation: Potions are less effective at restoring
                  | your health. [potion of mutation]
 79839 | Zot:5    | Gained mutation: You occasionally lose the ability to read
                  | scrolls when taking damage. [potion of mutation]
 79839 | Zot:5    | Gained mutation: You are frail. (-10% HP) [potion of
                  | mutation]
 79840 | Zot:5    | Lost mutation: You passively dampen the noise of your
                  | surroundings. [potion of mutation]
 79840 | Zot:5    | Lost mutation: You are frail. (-10% HP) [potion of
                  | mutation]
 79840 | Zot:5    | Gained mutation: You have sharp toenails. [potion of
                  | mutation]
 79841 | Zot:5    | Lost mutation: Potions are less effective at restoring your
                  | health. [potion of mutation]
 79841 | Zot:5    | Lost mutation: You are resistant to electric shocks.
                  | (rElec) [potion of mutation]
 79841 | Zot:5    | Lost mutation: You have sharp toenails. [potion of
                  | mutation]
 79841 | Zot:5    | Gained mutation: Your spells are a little harder to cast,
                  | but a little more powerful. [potion of mutation]
 79842 | Zot:5    | Lost mutation: You occasionally lose the ability to drink
                  | potions when taking damage. [potion of mutation]
 79842 | Zot:5    | Lost mutation: Your spells are a little harder to cast, but
                  | a little more powerful. [potion of mutation]
 79842 | Zot:5    | Lost mutation: You occasionally lose the ability to read
                  | scrolls when taking damage. [potion of mutation]
 79842 | Zot:5    | Gained mutation: Your spells are a little harder to cast,
                  | but a little more powerful. [potion of mutation]
 79842 | Zot:5    | Gained mutation: You are dopey. (Int -2) [potion of
                  | mutation]
 79842 | Zot:5    | Lost mutation: Your spells are a little harder to cast, but
                  | a little more powerful. [potion of mutation]
 79879 | Zot:5    | Noticed an orb of fire
 79888 | Zot:5    | Gained mutation: Armour fits poorly on your strangely
                  | shaped body. [an orb of fire]
 79892 | Zot:5    | Gained mutation: You occasionally lose the ability to drink
                  | potions when taking damage. [an orb of fire]
 79893 | Zot:5    | Killed an orb of fire
 80098 | Zot:5    | Noticed an orb of fire
 80103 | Zot:5    | Gained mutation: Your health recovers twice as slowly from
                  | being drained. [an orb of fire]
 80104 | Zot:5    | Killed an orb of fire
 80108 | Zot:5    | Noticed an ancient lich
 80110 | Zot:5    | Noticed a dread lich
 80115 | Zot:5    | Killed an ancient lich
 80117 | Zot:5    | Killed a dread lich
 80127 | Zot:5    | Lost mutation: Armour fits poorly on your strangely shaped
                  | body. [potion of mutation]
 80127 | Zot:5    | Lost mutation: You occasionally lose the ability to drink
                  | potions when taking damage. [potion of mutation]
 80127 | Zot:5    | Gained mutation: You have sharp toenails. [potion of
                  | mutation]
 80127 | Zot:5    | Gained mutation: You are occasionally teleported next to
                  | monsters. [potion of mutation]
 80127 | Zot:5    | Gained mutation: You are covered in fur. (AC +1) [potion of
                  | mutation]
 80127 | Zot:5    | Gained mutation: Your natural rate of healing is unusually
                  | fast. [potion of mutation]
 80190 | Zot:5    | Noticed a dread lich
 80195 | Zot:5    | Killed a dread lich
 80269 | Zot:5    | Got the Orb of Zot
 80491 | D:14     | Noticed Horihouf the pandemonium lord
 80508 | D:14     | Killed Horihouf the pandemonium lord
 80833 | D:$      | Escaped with the Orb!

Illustrated notes

Levels and vault maps discovered:
D:1:      minmay_arrival_floating_metal, layout_loops_ring
D:2:      layout_basic, uniq_terence
D:3:      layout_basic, general_overflow_altar, gammafunk_ghost_icy,
          eino_tiny_chamber, kennysheep_potato
D:4:      layout_rooms, minmay_misc_feat_diagonals
D:5:      layout_basic, amethyst_overflow_temple_binary, serial_shops,
          nicolae_square_shop
D:6:      layout_rooms, serial_shops, nicolae_shop_hallway_stairs,
          uniq_crazy_yiuf_cottage, uniq_prince_ribbit1, uniq_duvessa
D:7:      layout_cave_pools, kennysheep_mini, minmay_temple_entry_sparse_star,
          uniq_maggie
D:8:      layout_basic, special_room [special_room_orc]
D:9:      layout_loops_corners, orc_0_dummy, kennysheep_generic_room_14
D:10:     layout_cave_pods, uniq_erica, uniq_psyche, uniq_erolcha, uniq_grum
D:11:     minmay_the_grid_square_5x5_4x4_mashed
          [minmay_the_grid_square_5x5_beaten_path,
          minmay_the_grid_square_5x5_one_wall,
          minmay_the_grid_square_5x5_gyroscope,
          minmay_the_grid_square_5x5_tetrominoes,
          minmay_the_grid_square_5x5_shuriken,
          minmay_the_grid_square_5x5_prize_deathbox,
          minmay_the_grid_square_5x5_prize_snowflake,
          minmay_the_grid_square_5x5_dogpile,
          minmay_the_grid_square_5x5_hourglass,
          minmay_the_grid_square_5x5_prize_gold,
          minmay_the_grid_square_5x5_prize_junk,
          minmay_the_grid_square_5x5_moneybag,
          minmay_the_grid_square_5x5_trominoes,
          minmay_the_grid_square_5x5_half_checkered,
          minmay_the_grid_square_5x5_n_small,
          minmay_the_grid_square_5x5_longway], layout_loops_cross,
          david_lair_generic
D:12:     layout_rooms, nicolae_figureground_pulse, uniq_nergalle
D:13:     minmay_inner_zag, layout_stronghold, nicolae_danse_macabre
D:14:     layout_loops_corners, lightli_vaults_fourway_checkpoint,
          vehumet_crystals, nicolae_two_hexagons
D:15:     gammafunk_depths_entry_grave, layout_loops_cross, serial_rivers,
          chequers_serial_rivers_micro_b, chequers_serial_rivers_large_a,
          chequers_serial_rivers_marsh, chequers_serial_rivers_micro_d,
          chequers_serial_rivers_micro_c, chequers_serial_rivers_micro_c
Temple:   eino_narrow_crystal_temple
Lair:1:   layout_cave_pods, serial_bayou_crossing, grunt_megastairs_5
Lair:2:   layout_gridlike, minmay_snake_entry_six_corridors, uniq_amaemon
Lair:3:   layout_cave_pods, swamp_mist, grunt_megastairs_1,
          infiniplex_staircase_pool
Lair:4:   layout_cave_pods, dpeg_slime_entry_corner, serial_bayou_pond_b,
          minivault_24
Lair:5:   guppyfry_lair_end_dragon, layout_regular_city,
          hangedman_lair_in_review, worms_lemuel, lemuel_fruit_fields
Swamp:1:  layout_basic_swamp, evilmike_swamp_ruin_rubble_2, swamp_pool_5
Swamp:2:  layout_falls_marsh, evilmike_swamp_ruin_house_4, swamp_pool_4
Swamp:3:  layout_falls_marsh, nicolae_swamp_little_tower, swamp_pool_3
Swamp:4:  swamp_vile, layout_basic_swamp, beargit_kiku_chapel, uniq_mlioglotl
Snake:1:  layout_gridlike, nicolae_snake_gridmaze_entwining, st_stairs_10,
          uniq_nikola
Snake:2:  layout_onion_interference, drop_trap, grunt_megastairs_3
Snake:3:  layout_onion, portal_ice_cave_entry_pillars_1, serial_shops,
          nicolae_shop_hallway_plus, nicolae_snake_salamander_fort,
          minmay_shoptagon, uniq_mara, uniq_vashnia, uniq_kirke
Snake:4:  grunt_snake_rune_serpentine_throne, layout_misc_corridors,
          nicolae_snake_serpentine_bazaar, uniq_roxanne
Slime:1:  layout_caves
Slime:2:  layout_caves, basic_altar
Slime:3:  layout_caves, dissolution_awaits
Slime:4:  layout_caves
Slime:5:  slime_pit_nicolae_jellycorners, uniq_dissolution
Orc:1:    layout_caves, special_room [special_room_kobold]
Orc:2:    st_orc_ogre_mass, layout_caves, einodemon_barbed_minivault, uniq_sonja
Elf:1:    nicolae_elf_arrival_dilemma, layout_loops_corners, serial_shops,
          nicolae_shop_temple_entry_statues_fountains, minmay_elf_annihilation
Elf:2:    elven_hall_of_blades_hangedman_alternative [nicolae_blade_lattice],
          layout_onion_city, serial_shops, shop, nicolae_shop_waterfront,
          nicolae_shop_tiny_glass, shop, uniq_agnes
Elf:3:    grunt_elf_hall_spiral, layout_onion_city, serial_shops, shop
Vaults:1: v_misc_24, vaults_room_pool, v_misc_13,
          vaults_room_grunt_arrival_ludios, v_misc_29,
          nicolae_vaults_network_star, v_misc_2, nicolae_vaults_cochlea,
          nicolae_vaults_variable_pillar_hall, vaults_dpeg_encased_lava,
          ontoclasm_vaults_idyll, layout_vaults_omnicross, serial_shops,
          nicolae_shop_crystal
Vaults:2: nicolae_vaults_more_shelving_2, nicolae_vaults_closet_pinwheel_4,
          hangedman_vaults_restitches, door_vault, ontoclasm_vaults_ring_small,
          vaults_room_corners, nicolae_vaults_network_quinsquares
          [nicolae_vaults_network_quincunx_subvault,
          nicolae_vaults_network_quincunx_subvault,
          nicolae_vaults_network_quincunx_subvault,
          nicolae_vaults_network_quincunx_subvault],
          nicolae_vaults_storage_closets_1, nicolae_vaults_tangram_1,
          ontoclasm_vaults_misaligned, nicolae_vaults_trapezoid_4,
          vaults_dpeg_ring, v_misc_16, v_misc_15, layout_vaults_omnibox,
          uniq_margery
Vaults:3: gammafunk_ghost_arena, blue_anna_dwarven_crypt, v_alt_pattern_3,
          v_misc_2, vaults_dpeg_emergency_exit,
          nicolae_vaults_storage_closets_2, nicolae_vaults_house_2,
          nicolae_vaults_closet_pinwheel_3, layout_vaults_big_room,
          serial_shops, shop, uniq_bai_suzhen
Vaults:4: infiniplex_enter_wizlab_glasses, v_misc_29,
          nicolae_vaults_shipping_containers_7, nicolae_vaults_frosty_reception,
          vaults_room_corners, v_pattern_3, v_misc_17, vaults_room_fours,
          ontoclasm_vaults_loading_screen, layout_vaults_omnigrid
Vaults:5: uniq_saint_roka, uniq_mennas
Depths:1: layout_gridlike, grunt_hell_entry_dis_grunt,
          nicolae_tso_carved_into_rock, minmay_misc_feat_rugged, tgw_trog
Depths:2: nicolae_BIG_FREAKIN_CUBE, layout_honeycomb, enter_ziggurat_c,
          grunt_pan_entry_in_and_out, hell_entry, dreamdust_wishing_well,
          nicolae_shop_gadgets, minmay_staircase_bubble
Depths:3: minmay_crescents, layout_cave_pools, serial_bayou,
          serial_bayou_pond_b, serial_bayou_pond_c, serial_bayou_lake_a,
          serial_bayou_pond_a, hell_entry,
          nicolae_abyss_entry_one_way_or_another, enter_trove_0, st_stairs_5,
          uniq_sojobo
Depths:4: grunt_crosshair, layout_long_grid, nicolae_hell_entry_big_baal_hell,
          rand_demon_pan_entry_7, ebering_ghost_xom, okawaru_gym_becter,
          evilmike_spriggan_trog_shrine, uniq_grunn
Zot:1:    layout_cellular_growth, ebering_ghost_disaster_area,
          nicolae_shop_clearance
Zot:2:    layout_twisted_circle, zot_minivault_8
Zot:3:    layout_twisted_circle, nicolae_zig_zag_zippers,
          regret_index_zotdec_twisting_globes
Zot:4:    layout_gridlike, basic_altar, lemuel_elevator
Zot:5:    layout_misc_corridors, nicolae_tricolors

Skill      XL: |  1  2  3  4  5  6  7  8  9 10 11 12 13 14 15 16 17 18 19 20 21 22 23 24 25 26 27 |
---------------+----------------------------------------------------------------------------------+-----
Fighting       | 1 2 3 5 8 10 12 15 16 17 18 19 20 23 | 23.5
Spellcasting   | 3 4 6 8 9 10 11 12 13 14 15 16 17 18 | 18.0
Conjurations   | 5 7 8 10 11 12 13 15 16 | 16.0
Stealth        | 4 6 8 10 12 | 12.0
Hexes          | 1 4 5 |  5.0
Transmutations | 4 5 |  5.0
Evocations     | 5 10 | 10.0
Shields        | 9 10 11 15 16 17 18 20 | 20.0
Dodging        | 10 14 15 20 | 20.0
Long Blades    | 1 10 14 | 14.0
Ice Magic      | 6 9 15 21 24 25 | 25.0
Shapeshifting  | 2 12 15 16 | 16.0
Translocations | 5 |  5.0

Action                     |  1- 3 |  4- 6 |  7- 9 | 10-12 | 13-15 | 16-18 | 19-21 | 22-24 | 25-27 || total
---------------------------+-------+-------+-------+-------+-------+-------+-------+-------+-------++-------
  Melee: Dagger            |    42 |    11 |     4 |     5 |       |       |       |       |       ||    62
         Short sword       |       |    40 |       |       |       |       |       |       |       ||    40
         Great sword       |       |       |    24 |       |       |       |       |       |       ||    24
         Scimitar          |       |       |       |     2 |       |       |       |       |       ||     2
         Eveningstar       |       |       |       |    15 |    38 |       |       |       |       ||    53
         Demon blade       |       |       |       |       |       |   625 |   785 |  1385 |   954 ||  3749
         Maw               |       |       |       |       |       |       |   125 |   161 |       ||   286
         Katana            |       |       |       |       |       |       |       |       |    60 ||    60
         Kick              |       |       |       |       |       |       |       |       |    35 ||    35
   Fire: Arbalest          |       |       |       |    54 |       |       |       |       |       ||    54
         Sling             |       |       |       |       |   114 |    78 |       |       |       ||   192
   Cast: Magic Dart        |    23 |    17 |    31 |    18 |    15 |    40 |    48 |    11 |    13 ||   216
         Searing Ray       |    14 |    17 |    35 |    41 |     3 |     5 |     5 |       |       ||   120
         Fulminant Prism   |       |       |    31 |   110 |    91 |    45 |    19 |    14 |     3 ||   313
         Iskenderun's Myst |       |       |     6 |    69 |    70 |    51 |    23 |     9 |     4 ||   232
         Mephitic Cloud    |       |       |     1 |    36 |     4 |       |       |       |       ||    41
         Irradiate         |       |       |       |    16 |    30 |    72 |    96 |    93 |    39 ||   346
         Stone Arrow       |       |       |       |       |   357 |   399 |   311 |    83 |    50 ||  1200
         Orb of Destructio |       |       |       |       |       |    40 |    62 |     5 |     6 ||   113
         Freezing Cloud    |       |       |       |       |       |       |    57 |    47 |    16 ||   120
         Polar Vortex      |       |       |       |       |       |       |       |       |    66 ||    66
         Passwall          |       |       |       |       |       |       |       |       |     9 ||     9
Ability: Hop               |     1 |       |     6 |     5 |     8 |     6 |     5 |    10 |     5 ||    46
  Evoke: Wand              |       |       |     1 |     9 |     2 |     2 |     2 |     7 |     6 ||    29
         Lightning rod     |       |       |       |       |     1 |       |       |     4 |       ||     5
         Sack of spiders   |       |       |       |       |     1 |       |       |       |       ||     1
         Phial of floods   |       |       |       |       |       |     1 |     1 |     1 |       ||     3
         Phantom mirror    |       |       |       |       |       |       |     1 |     1 |     1 ||     3
    Use: Potion            |     1 |       |     1 |       |     1 |     2 |     4 |     2 |     9 ||    20
         Scroll            |       |       |    11 |     6 |     9 |    14 |    11 |     9 |    19 ||    79
   Stab: Sleeping          |     7 |     2 |     5 |     1 |     5 |    13 |    31 |    13 |    24 ||   101
         Confused          |       |       |       |     2 |       |       |       |       |       ||     2
         Distracted        |       |       |       |       |       |     4 |     3 |     1 |     7 ||    15
 Armour: Robe              |    25 |       |       |       |   155 |   116 |   226 |       |       ||   522
         Leather armour    |     3 |    41 |    35 |       |       |       |       |       |       ||    79
         Steam dragon scal |       |       |    45 |   183 |    66 |    79 |       |       |       ||   373
         Acid dragon scale |       |       |       |       |       |   135 |       |       |       ||   135
         Skin              |       |       |       |       |       |       |    48 |   831 |   553 ||  1432
  Dodge: Dodged            |    32 |    36 |    78 |   125 |   122 |   364 |   173 |   687 |   409 ||  2026
  Block: Kite shield       |       |       |       |       |   161 |   325 |       |       |       ||   486
         Reflection        |       |       |       |       |       |    35 |    50 |    28 |   153 ||   266
         Tower shield      |       |       |       |       |       |   256 |   889 |  2696 |  1903 ||  5744
   Form: Maw               |       |       |       |       |       |       |     1 |       |       ||     1
         Statue            |       |       |       |       |       |       |       |     1 |       ||     1

Table legend: (Time is in decaauts)
 A = Elapsed time spent in this place.
 B = Non-inter-level travel time spent in this place.
 C = Inter-level travel time spent in this place.
 D = Time resting spent in this place.
 E = Time spent auto-exploring this place.
 F = Levels seen in this place.
 G = Mean time per level.
                   A        B        C        D        E       F      G
               +--------+--------+--------+--------+--------+-----+--------+
         Total |  95503 |  83266 |  12237 |  26840 |  29929 |  55 | 1736.4 |
       Dungeon |  30517 |  25868 |   4649 |  11045 |   8824 |  15 | 2034.5 |
        Temple |    377 |    377 |      0 |    258 |      0 |   1 |  377.0 |
          Lair |  10495 |   8633 |   1862 |   2872 |   3618 |   5 | 2099.0 |
         Swamp |   5285 |   4995 |    290 |   1942 |   1134 |   4 | 1321.2 |
     Snake Pit |   9729 |   8464 |   1265 |   3670 |   2076 |   4 | 2432.2 |
    Slime Pits |   1610 |   1496 |    114 |    337 |    123 |   5 |  322.0 |
  Orcish Mines |   3249 |   2751 |    498 |   1301 |    689 |   2 | 1624.5 |
   Elven Halls |   5291 |   4864 |    427 |    212 |   2944 |   3 | 1763.7 |
        Vaults |  12728 |  10432 |   2296 |   2233 |   4243 |   5 | 2545.6 |
        Depths |   8194 |   7591 |    603 |   1783 |   3046 |   4 | 2048.5 |
           Zot |   6352 |   6123 |    229 |    442 |   3228 |   5 | 1270.4 |
         Trove |    167 |    167 |      0 |      0 |      0 |   1 |  167.0 |
        Wizlab |   1505 |   1505 |      0 |    739 |      0 |   1 | 1505.0 |
               +--------+--------+--------+--------+--------+-----+--------+

Top non-repeatable levels by time:
    D:10: 4233 daAuts
    D:11: 3954 daAuts
 Snake:4: 3480 daAuts
    D:13: 3468 daAuts
  Lair:5: 2942 daAuts
Vaults:1: 2941 daAuts
Vaults:2: 2867 daAuts
 Swamp:4: 2712 daAuts
Depths:2: 2647 daAuts
   Orc:2: 2502 daAuts
Vaults:5: 2402 daAuts
    D:14: 2374 daAuts
     D:9: 2339 daAuts
Vaults:3: 2331 daAuts
 Snake:3: 2230 daAuts
